 Dungeon Crawl Stone Soup version 0.17-a0-737-gf0a300a (webtiles) character file.

11 Ololoev the Chucker (level 2, -3/16 HPs)
             Began as a Kobold Arcane Marksman on Apr 21, 2015.
             Slain by a hobgoblin
             ... wielding a +0 club
              (6 damage)
             ... on level 1 of the Dungeon.
             The game lasted 00:01:21 (663 turns).

Ololoev the Chucker (Kobold Arcane Marksman)         Turns: 663, Time: 00:01:21

Health: -3/16      AC:  2    Str:  9    XL:     2   Next: 35%
Magic:  1/3        EV: 15    Int: 11    God:
Gold:   13         SH:  0    Dex: 15    Spells: 1 memorised, 2 levels left

rFire  . . .     SeeInvis .     (weapon restricted)
rCold  . . .     Clarity  .     a - +0 robe
rNeg   . . .     SustAb   .     (shield restricted)
rPois  .         Gourm    .     (no helmet)
rElec  .         Spirit   .     (no cloak)
rCorr  .         Warding  .     (no gloves)
rMut   .         Stasis   .     (no boots)
MR     .....                    (no amulet)
Stlth  +.........               (no ring)
                                (no ring)

@: not resistant to hostile enchantments, very unstealthy
A: carnivore 3
a: no special abilities


Innate Abilities, Weirdness & Mutations

You are small and have problems with some larger weapons.
You are carnivorous and can eat meat at any time.

Inventory:

Missiles
 b - 5 tomahawks (quivered)
 c - 2 throwing nets
Armour
 a - a +0 robe (worn)
Scrolls
 f - a scroll of enchant weapon {unknown}
 g - a scroll of fear {unknown}
 i - a scroll of remove curse {unknown}
Potions
 h - a potion of haste {unknown}
 j - a potion of might {unknown}
Books
 d - a book of Debilitation

   Spells                             Type                      Level
   a - Corona                         Hexes                        1
   b - Slow                           Hexes                        2
   c - Gell's Gravitas                Hexes/Translocation          3
   d - Inner Flame                    Hexes/Fire                   3
   e - Cause Fear                     Hexes                        4
   f - Leda's Liquefaction            Hexes/Earth                  4
Comestibles
 e - a meat ration


   Skills:
 - Level 1.1 Fighting
 + Level 3.8 Throwing
 - Level 2.4 Dodging
 - Level 1.0 Spellcasting
 - Level 3.0 Hexes


You had 2 spell levels left.
You knew the following spells:

 Your Spells              Type           Power        Failure   Level  Hunger
a - Corona                Hex            #......      12%         1    ##.....


You were on level 1 of the Dungeon.
You were very full.

You visited 1 branch of the dungeon, and saw 1 of its levels.

You collected 13 gold pieces.

######## .......##
.##.....#
.##.....################
..+.....+.......@g.....+
.##.....#######.##.....#
..+.....# #.##.....#
.##.....# ####)##.....#
..+.....# #.....#.....#
###.....# #.....#.....#
##.....# #.....#.....#
#.....## #.....#.....
#......# #....##... .

Notes
Turn   | Place    | Note
--------------------------------------------------------------
     0 | D:1      | Ololoev, the Kobold Arcane Marksman, began the quest for the Orb.
     0 | D:1      | Reached XP level 1. HP: 12/12 MP: 2/2
   419 | D:1      | Reached XP level 2. HP: 16/16 MP: 1/3
   663 | D:1      | Slain by a hobgoblin

Dungeon Overview and Level Annotations

Branches:
Dungeon (1/15)

Altars:


Message History

The giant gecko is moderately wounded.
The giant gecko barely misses you.
You barely miss the giant gecko.
The giant gecko is moderately wounded.
The giant gecko closely misses you.
The giant gecko bites you but does no damage.
You hit the giant gecko.
The giant gecko is moderately wounded.
The giant gecko closely misses you.
You hit the giant gecko but do no damage.
The giant gecko is moderately wounded.
The giant gecko bites you.
You hit the giant gecko.
The giant gecko is severely wounded.
The giant gecko stops glowing.
The giant gecko barely misses you.
Casting: Corona
Confirm with . or Enter, or press ? or * to list all spells.
Aiming: Corona
Press: ? - help, Shift-Dir - straight line, f/p - hobgoblin
Aim: a hobgoblin, wielding a club (chance 59%)
The giant gecko is outlined in light.
The giant gecko bites you.
Throwing (i - inventory. (,) - cycle):
b - 8 tomahawks (quivered)
Press: ? - help, Shift-Dir - straight line, f/p - hobgoblin
Aim: a hobgoblin, wielding a club You throw a tomahawk.
The tomahawk hits the giant gecko but does no damage.
The giant gecko is severely wounded.
The giant gecko barely misses you. The giant gecko closely misses you.
Throwing (i - inventory. (,) - cycle):
b - 7 tomahawks (quivered)
Press: ? - help, Shift-Dir - straight line, f/p - hobgoblin
Aim: a hobgoblin, wielding a club You throw a tomahawk.
The tomahawk hits the giant gecko!
You kill the giant gecko!
Throwing (i - inventory. (,) - cycle):
b - 6 tomahawks (quivered)
Press: ? - help, Shift-Dir - straight line, f/p - hobgoblin
Aim: a hobgoblin, wielding a club You throw a tomahawk.
The tomahawk hits the hobgoblin.
The hobgoblin is heavily wounded.
The hobgoblin hits you with a club.
You die...

You could see a hobgoblin.

Vanquished Creatures
  A giant gecko (D:1)
  2 bats (D:1)
  A hobgoblin (D:1)
  A kobold (D:1)
  A giant newt (D:1)
  3 goblins (D:1)
9 creatures vanquished.

Action                   || total
-------------------------++-------
Melee: Unarmed           ||    47
Throw: Tomahawk          ||     3
 Cast: Corona            ||    11
  Eat: Chunk             ||     6

Vault maps used:
D:1:      dpeg_arrival_stone_temple_mockup, kennysheep_pointless_box,
          minivault_4, minmay_misc_feat_room
